 Dungeon Crawl Stone Soup version 0.28-a0-664-gc179e30c89 (webtiles) character file.

Game seed: 9569024063462279471

18 cheechan the Ducker (level 2, -2/21 HPs)
             Began as an Octopode Fighter on Oct 15, 2021.
             Slain by a jackal (3 damage)
             ... on level 1 of the Dungeon.
             The game lasted 00:01:54 (493 turns).

cheechan the Ducker (Octopode Fighter)               Turns: 493, Time: 00:01:54

Health: -2/21      AC:  1    Str: 15    XL:     2   Next: 66%
Magic:  2/2        EV: 13    Int: 10    God:
Gold:   34         SH:  4    Dex: 11    Spells: 1/1 levels left

rFire   . . .      SeeInvis .   a - +0 flail
rCold   . . .      Faith    .   b - +0 buckler
rNeg    . . .      Spirit   .   (helmet restricted)
rPois   .          Reflect  .   (no amulet)
rElec   .          Harm     .   (no ring)
rCorr   .          Rampage  .   (no ring)
Will    .....                   (no ring)
Stlth   ++........              (no ring)
HPRegen 0.07/turn               (no ring)
MPRegen 0.08/turn               (no ring)
                                (no ring)
                                (no ring)

@: no status effects
A: almost no armour, amphibious, 8 rings, camouflage 1, gelatinous body 1,
(nimble swimmer 1), tentacles
a: no special abilities


You were on level 1 of the Dungeon.
You visited 1 branch of the dungeon, and saw 1 of its levels.

You collected 34 gold pieces.

Inventory:

Hand Weapons
 a - a +0 flail (weapon)
 f - a +0 mace
Missiles
 e - 24 arrows
 g - 33 bolts
Armour
 b - a +0 buckler (worn)
Scrolls
 d - a scroll of identify {unknown}
Potions
 c - a potion of might


   Skills:
 + Level 3.1 Fighting
 + Level 2.1 Maces & Flails
 + Level 3.4 Dodging
 + Level 3.2 Shields


You had one spell level left.
You didn't know any spells.
Your spell library was empty.

Dungeon Overview and Level Annotations

Branches:
Dungeon (1/15)

Altars:


Innate Abilities, Weirdness & Mutations

You cannot wear most types of armour.
You are amphibious.
You can wear up to eight rings at the same time.
Your skin changes colour to match your surroundings (Stealth+).
Your rubbery body absorbs attacks. (AC +1, EV +1)
((You are camouflaged near water. (Stealth+)))
You have tentacles for arms and can constrict up to eight enemies at once.


Message History

A jackal comes into view.
The jackal barks!
The endoplasm quivers.
The jackal barely misses you. You block the jackal's attack.
The jackal bites you. The jackal misses you.
You sock the endoplasm!
You kill the endoplasm!
The jackal bites you. The jackal closely misses you.
You block the jackal's attack. The jackal barely misses you.
The jackal bites you. The jackal barely misses you. The jackal bites you.
The jackal closely misses you. x2
The jackal barely misses you. The jackal bites you. The jackal misses you.
The jackal barely misses you. The jackal bites you. The jackal misses you.
You barely miss the jackal. Your grab misses the jackal.
You squeeze the jackal.
The jackal is almost dead.
The jackal bites you. x2
The jackal bites you but does no damage.
The jackal bites you.
* * * LOW HITPOINT WARNING * * *
You block the jackal's attack. The jackal barely misses you.
You barely miss the jackal. You grab the jackal.
Your squeeze misses the jackal. You constrict the jackal.
The jackal closely misses you. You block the jackal's attack.
The jackal bites you but does no damage.
The jackal bites you.
* * * LOW HITPOINT WARNING * * *
You sock the jackal!
You kill the jackal!
The jackal closely misses you. The jackal misses you.
The jackal barely misses you. The jackal bites you.
* * * LOW HITPOINT WARNING * * *
You barely miss the jackal. Your grab misses the jackal.
The jackal is heavily wounded.
The jackal bites you.
* * * LOW HITPOINT WARNING * * *
You block the jackal's attack. The jackal bites you.
You die...

+.≈.≈≈...≈≈.#........#
#.≈..≈≈≈≈≈..#.#####..#
#.≈≈..≈≈≈..≈#.# ###.#
#.≈≈≈.....≈≈#.# #..>#
..8.≈≈≈≈≈≈≈≈##.########
.#.###########....# #.
#....# #.h..# #@h..#
#....# #...#### #####


You could see 2 jackals.

Vanquished Creatures
  2 ball pythons (D:1)
  2 bats (D:1)
  3 endoplasms (D:1)
  A hobgoblin (D:1)
  A jackal (D:1)
  A kobold (D:1)
  2 quokkas (D:1)
  A frilled lizard (D:1)
  A rat (D:1)
14 creatures vanquished.

Vanquished Creatures (others)
  2 fungi (D:1)
  2 plants (D:1)
4 creatures vanquished.

Grand Total: 18 creatures vanquished

Notes
Turn   | Place    | Note
-------+----------+-------------------------------------------
     0 | D:1      | cheechan the Octopode Fighter began the quest for the Orb.
     0 | D:1      | Reached XP level 1. HP: 16/16 MP: 1/1
   110 | D:1      | Reached XP level 2. HP: 20/21 MP: 2/2
   301 | D:1      | Found a faded altar of an unknown god.
   493 | D:1      | HP: 1/21 [jackal (2)]
   493 | D:1      | Slain by a jackal

Illustrated notes

Levels and vault maps discovered:
D:1:      psy_arrival_whirlpool, layout_basic,
          shapermc_ecumenical_altar_mp_urbaneastern

Action                   || total
-------------------------++-------
Melee: Flail             ||    38
       Tentacles         ||     7
       Constrict         ||     9
  Use: Scroll            ||     1
Armor: Skin              ||     8
Dodge: Dodged            ||    42
Block: Buckler           ||    18

Table legend: (Time is in decaauts)
 A = Elapsed time spent in this place.
 B = Non-inter-level travel time spent in this place.
 C = Inter-level travel time spent in this place.
 D = Time resting spent in this place.
 E = Time spent auto-exploring this place.
 F = Levels seen in this place.
 G = Mean time per level.
                   A        B        C        D        E       F      G
               +--------+--------+--------+--------+--------+-----+--------+
         Total |    504 |    504 |      0 |      0 |      0 |   1 |  504.0 |
       Dungeon |    504 |    504 |      0 |      0 |      0 |   1 |  504.0 |
               +--------+--------+--------+--------+--------+-----+--------+

Top non-repeatable levels by time:
     D:1: 504 daAuts
